 Dungeon Crawl Stone Soup version 0.31.0-9-g3a7656b989 (webtiles) character file.

Game seed: 2407831065172163853

142 qw the Ducker (level 5, -1/26 HPs)
             Began as a Spriggan Hunter on Feb 2, 2024.
             Blown up by Ijyb (16 damage)
             ... with a mindburst bolt
             ... on level 4 of the Dungeon.
             The game lasted 00:00:07 (1804 turns).

qw the Ducker (Spriggan Hunter)                     Turns: 1804, Time: 00:00:08

Health: -1/26      AC: 10    Str:  7    XL:     5   Next: 4%
Magic:  6/6        EV: 21    Int: 10    God:
Gold:   161        SH:  0    Dex: 21    Spells: 4/4 levels left

rFire   x x .        a - +1 shortbow
rCold   x x .        (shield currently unavailable)
rNeg    . . .        c - +0 robe
rPois   +            (helmet restricted)
rElec   .            (no cloak)
rCorr   .            (gloves unavailable)
SInv    +            (boots unavailable)
Will    .....        i - amulet of Elemental Vulnerability {rPois rF-- rC-- AC+8}
Stlth   ++           (no ring)
HPRegen 0.24/turn    (no ring)
MPRegen 0.10/turn

%: no passive effects
@: very quick
A: very small, no large weapons, unfitting armour, see invisible, speed 3
a: no special abilities


You were on level 4 of the Dungeon.
You visited 1 branch of the dungeon, and saw 4 of its levels.

You collected 161 gold pieces.


Innate Abilities, Weirdness & Mutations

You are very small and have problems with some larger weapons.
You are too small for most types of armour.
You have supernaturally acute eyesight. (SInv)
You cover ground extremely quickly. (Speed+++)


   Skills:
 + Level 1.7 Fighting
 - Level 5.0 Ranged Weapons
 - Level 5.5 Dodging
 - Level 1.5 Stealth


You had 4 spell levels left.
You didn't know any spells.
Your spell library was empty.

Inventory:

Hand Weapons
 a - a +1 shortbow (weapon)
Armour
 c - a +0 robe (worn)
Jewellery
 i - the amulet of Elemental Vulnerability (around neck) {rPois rF-- rC-- AC+8}
   (You found it on level 3 of the Dungeon)

   [amulet of nothing]

   AC+8:      It affects your AC (+8).
   rF--:      It makes you very vulnerable to fire.
   rC--:      It makes you very vulnerable to cold.
   rPois:     It protects you from poison
 j - an amulet of the acrobat
Scrolls
 f - 3 scrolls of identify
Potions
 d - 3 potions of heal wounds
 e - a potion of resistance
 g - a potion of curing

Dungeon Overview and Level Annotations

Branches:
Dungeon (4/15)
 Temple: D:4-7

Altars:
Ashenzari
Qazlal

Annotations:
D:4 Ijyb


Message History

There is an open gate here.
There is a stone staircase leading down here.
You climb downwards.
Found a scroll of identify.
There is a stone staircase leading up here.
Waypoint 3 assigned to D:4.
Found a potion of attraction.
Found a stone staircase leading up.
f - 3 scrolls of identify (gained 1) Ijyb the Twisted Goblin comes into view.
She is wielding a +1 dagger of protection and carrying a wand of mindburst.
You shoot an arrow. The arrow hits Ijyb but does no damage.
Ijyb shouts!
Ijyb screams, "Die!"
You shoot an arrow. The arrow hits Ijyb.
Ijyb is moderately wounded.
You shoot an arrow. The arrow barely misses Ijyb.
Ijyb zaps a wand.
Your mind is blasted!
You shoot an arrow. The arrow closely misses Ijyb.
You shoot an arrow. The arrow hits Ijyb but does no damage.
Ijyb is moderately wounded.
You shoot an arrow. The arrow barely misses Ijyb.
You shoot an arrow. The arrow closely misses Ijyb.
Ijyb zaps a wand.
You resist with significant effort.
You shoot an arrow. The arrow barely misses Ijyb.
Ijyb misses you.
You shoot an arrow. The arrow hits Ijyb.
Ijyb is moderately wounded.
Ijyb completely misses you. Ijyb barely misses you.
You shoot an arrow. The arrow barely misses Ijyb.
Ijyb zaps a wand.
Your mind is blasted!
You shoot an arrow. The arrow hits Ijyb but does no damage.
Ijyb is moderately wounded.
Ijyb barely misses you.
You shoot an arrow. The arrow hits Ijyb but does no damage.
Ijyb is moderately wounded.
Ijyb closely misses you.
You shoot an arrow. The arrow barely misses Ijyb.
Ijyb zaps a wand.
Your mind is blasted!
Ouch! That really hurt!
You die...

#.<.#
#...#
#...#
#...#
#...#
#...#
####...+
#......#
#.@....#
+.g...!#
#......#
#......#
#......#
#......#
#<.....#
+......#


You could see Ijyb.

Vanquished Creatures
  A howler monkey (D:3)
  A bombardier beetle (D:3)
  3 adders
  A ribbon worm (D:2)
  A dart slug (D:1)
  An orc (D:3)
  4 ball pythons
  4 endoplasms
  A giant cockroach (D:1)
  3 goblins
  8 hobgoblins
  A jackal (D:2)
  A quokka (D:1)
  6 bats
  A frilled lizard (D:2)
  3 kobolds
  3 rats
43 creatures vanquished.

Notes
Turn   | Place    | Note
-------+----------+-------------------------------------------
     0 | D:1      | qw the Spriggan Hunter began the quest for the Orb.
     0 | D:1      | Reached XP level 1. HP: 10/10 MP: 2/2
     0 | D:1      | 0 ||| qw: Version: 0.3-a-155-g5e7d8dd
     0 | D:1      | 0 ||| qw: Game counter: 2778
     0 | D:1      | 0 ||| qw: Melee chars always use a shield: true
     0 | D:1      | 0 ||| qw: God list: Okawaru
     0 | D:1      | 0 ||| qw: Allow faded altars: false
     0 | D:1      | 0 ||| qw: Do Orc after clearing Dungeon:15 true
     0 | D:1      | 0 ||| qw: Do second Lair branch before Depths: true
     0 | D:1      | 0 ||| qw: Lair rune preference: random
     0 | D:1      | 0 ||| qw: Goals: Normal
     0 | D:1      | 0 ||| PLANNING D:1-11
    50 | D:1      | Reached skill level 3 in Dodging
    79 | D:1      | Found a faded altar of an unknown god.
   135 | D:1      | Reached XP level 2. HP: 7/14 MP: 3/3
   194 | D:1      | HP: 3/14 [quokka (5)]
   680 | D:1      | 680 ||| DROPPING scroll of butterflies.
   784 | D:2      | Reached XP level 3. HP: 12/18 MP: 4/4
   878 | D:2      | Found a broken altar of Ashenzari.
  1279 | D:2      | 1279 ||| READING 4 scrolls labelled YTAR XULARGH.
  1279 | D:2      | 1279 ||| IDENTIFYING bubbling clear potion
  1280 | D:2      | 1280 ||| READING 3 scrolls of identify.
  1280 | D:2      | 1280 ||| IDENTIFYING metallic clear potion
  1281 | D:2      | 1281 ||| READING 2 scrolls of identify.
  1281 | D:2      | 1281 ||| IDENTIFYING lumpy sapphire potion
  1282 | D:2      | 1282 ||| READING scroll of identify.
  1282 | D:2      | 1282 ||| IDENTIFYING 2 lumpy black potions
  1283 | D:2      | 1283 ||| READING scroll labelled INOSHRI MEQUHUT.
  1284 | D:2      | 1284 ||| DRINKING 2 ruby potions.
  1285 | D:2      | 1285 ||| DROPPING 2 potions of attraction.
  1286 | D:2      | 1286 ||| DROPPING potion of invisibility.
  1288 | D:2      | 1288 ||| Stepping ~*~*~tactically~*~*~ (cloud).
  1295 | D:2      | HP: 4/18 [poisoned by you (poison gas)]
  1425 | D:3      | Found the amulet of Elemental Vulnerability {rPois rF--
                  | rC-- AC+8}
  1448 | D:3      | Reached XP level 4. HP: 22/22 MP: 5/5
  1502 | D:3      | 1502 ||| FLEEEEING.
  1503 | D:3      | 1503 ||| FLEEEEING.
  1504 | D:3      | 1504 ||| FLEEEEING.
  1505 | D:3      | 1505 ||| FLEEEEING.
  1506 | D:3      | 1506 ||| FLEEEEING.
  1507 | D:3      | 1507 ||| FLEEEEING.
  1509 | D:3      | 1509 ||| FLEEEEING.
  1510 | D:3      | 1510 ||| FLEEEEING.
  1511 | D:3      | 1511 ||| FLEEEEING.
  1512 | D:3      | 1512 ||| FLEEEEING.
  1513 | D:3      | 1513 ||| STAIRDANCE
  1536 | D:2      | 1536 ||| UPGRADING to amulet of Elemental Vulnerability
                  | {rPois rF-- rC-- AC+8}.
  1541 | D:2      | 1541 ||| DROPPING ring of flight.
  1542 | D:2      | 1542 ||| READING scroll of identify.
  1542 | D:2      | 1542 ||| IDENTIFYING scroll labelled GIPIKA TELO
  1543 | D:2      | 1543 ||| DROPPING scroll of fear.
  1551 | D:3      | Reached XP level 5. HP: 26/26 MP: 6/6
  1762 | D:3      | Found a stormy altar of Qazlal.
  1766 | D:3      | 1766 ||| DROPPING +6 ring of intelligence.
  1767 | D:3      | 1767 ||| READING 3 scrolls of identify.
  1767 | D:3      | 1767 ||| IDENTIFYING scroll labelled YMEOLI YNUASAMM
  1768 | D:3      | 1768 ||| READING scroll of enchant weapon.
  1768 | D:3      | 1768 ||| ENCHANTING +0 shortbow.
  1791 | D:4      | Noticed Ijyb
  1804 | D:4      | Blown up by Ijyb

Levels and vault maps discovered:
D:1:      scummos_arrival_forest, layout_basic, shapermc_ecumenical_altar_ellora
D:2:      minmay_evil_eye, layout_loops_cross, basic_altar
D:3:      layout_rooms, mainiacjoe_overflow_alcove_4, hex_large,
          ebering_dispersal_statue_hall
D:4:      cheibrodos_barr_body, layout_gridville, ebering_ghost_disaster_area,
          uniq_ijyb

Skill      XL: |  1  2  3  4 |
---------------+-------------+-----
Dodging        | 3 4 5 |  5.5
Ranged Weapons | 5 |  5.0
Fighting       | |  1.7
Stealth        | |  1.5

Action                     |  1- 3 |  4- 6 || total
---------------------------+-------+-------++-------
   Fire: Shortbow          |   119 |    31 ||   150
    Use: Scroll            |     5 |     3 ||     8
         Potion            |     1 |       ||     1
 Armour: Robe              |    12 |     2 ||    14
  Dodge: Dodged            |    42 |    19 ||    61

Table legend:
 A = Non-vault XP
 B = Vault XP
 C = Vault XP percentage of total XP
 D = Non-vault monster count
 E = Vault monster count
 F = Vault count percentage of total count
                 A         B        C        D         E       F
            +---------+---------+-------+---------+---------+-------
      Total |     191 |      13 |   6.4 |      37 |       6 |  14.0
            +---------+---------+-------+---------+---------+-------
        D:1 |      33 |       0 |   0.0 |      18 |       0 |   0.0
        D:2 |      24 |      13 |  35.1 |       9 |       6 |  40.0
        D:3 |     134 |       0 |   0.0 |      10 |       0 |   0.0
            +---------+---------+-------+---------+---------+-------
